 Dungeon Crawl Stone Soup version 0.28.0-47-ge53b351184 (webtiles) character file.

Game seed: 8867959310563847846

73 Ablot the Cutter (level 4, 0/41 HPs)
             Began as a Gnoll Chaos Knight on Apr 29, 2022.
             Was a Plaything of Xom.
             Succumbed to Sigmund's poison
             ... on level 2 of the Dungeon.
             The game lasted 00:01:21 (1083 turns).

Ablot the Cutter (Gnoll Chaos Knight)               Turns: 1083, Time: 00:01:21

Health: 0/41       AC:  5    Str: 13    XL:     4   Next: 27%
Magic:  4/5        EV: 12    Int: 11    God:    Xom [*.....]
Gold:   39         SH:  0    Dex: 18    Spells: 5/5 levels left

rFire   . . .      SeeInvis .   a - +0 short sword (chaos)
rCold   . . .      Faith    .   (no shield)
rNeg    . . .      Spirit   .   b - +2 leather armour
rPois   .          Reflect  .   (no helmet)
rElec   .          Harm     .   (no cloak)
rCorr   .          Rampage  .   (no gloves)
Will    .....                   (no boots)
Stlth   ++........              (no amulet)
HPRegen 0.13/turn               i - +6 ring of dexterity
MPRegen 0.09/turn               (no ring)

@: lethally poisoned (0 -> -10)
A: fangs 1, strong nose, distributed training
a: Renounce Religion


You were on level 2 of the Dungeon.
You worshipped Xom.
You were a special plaything of Xom.
You visited 1 branch of the dungeon, and saw 2 of its levels.

You collected 39 gold pieces.

Inventory:

Hand Weapons
 a - a +0 short sword of chaos (weapon)
Missiles
 c - 39 stones (quivered)
 d - 2 throwing nets
 h - 16 bolts
Armour
 b - a +2 leather armour (worn)
Jewellery
 i - a +6 ring of dexterity (left hand)
Scrolls
 e - a scroll of identify {unknown}
 f - a scroll of teleportation {unknown}
 j - 2 scrolls of holy word {unknown}
Potions
 g - a potion of invisibility {unknown}
 k - a potion of lignification {unknown}


   Skills:
 + Level 6.6 Fighting
 + Level 6.6 Short Blades
 + Level 1.1 Long Blades
 + Level 1.1 Axes
 + Level 1.1 Maces & Flails
 + Level 1.1 Polearms
 + Level 1.1 Staves
 + Level 1.1 Slings
 + Level 1.1 Bows
 + Level 1.1 Crossbows
 + Level 1.1 Throwing
 + Level 4.6 Armour
 + Level 2.7 Dodging
 + Level 1.1 Stealth
 + Level 1.1 Shields
 + Level 1.1 Unarmed Combat
 + Level 1.1 Spellcasting
 + Level 0.8 Conjurations
 + Level 0.8 Hexes
 + Level 0.8 Summonings
 + Level 0.8 Necromancy
 + Level 0.8 Translocations
 + Level 0.8 Transmutations
 + Level 0.8 Fire Magic
 + Level 0.8 Ice Magic
 + Level 0.8 Air Magic
 + Level 0.8 Earth Magic
 + Level 0.8 Poison Magic
 + Level 1.2 Invocations
 + Level 1.1 Evocations


You had 5 spell levels left.
You didn't know any spells.
Your spell library contained the following spells:

 Spells                   Type           Power      Damage    Failure   Level
 Pain                     Necr           8%         1d4       28%         1
 Agony                    Necr           2%         N/A       100%        5
 Excruciating Wounds      Necr           1%         N/A       100%        5


Dungeon Overview and Level Annotations

Branches:
Dungeon (2/15)

Altars:

Annotations:
D:2 Sigmund


Innate Abilities, Weirdness & Mutations

You have very sharp teeth.
Your uncanny sense of smell can sniff out nearby items.
Your experience applies equally to all skills.


Message History

Your Shields skill increases to level 1!
Your Unarmed Combat skill increases to level 1!
Your Spellcasting skill increases to level 1!
Your Invocations skill increases to level 1!
Your Evocations skill increases to level 1!
You have reached level 4!
You feel agile.
You see here a bat corpse.
Unknown command.
The quokka twitches its whiskers.
The quokka misses you.
You hit the quokka.
The quokka is severely wounded.
The quokka misses you.
You hit the quokka.
You kill the quokka!
You miss the adder. You bite the adder, but do no damage.
The adder is moderately wounded.
The adder closely misses you.
A magic dart appears from out of your range of vision.
The magic dart hits the quokka.
The quokka dies!
You hit the adder.
The adder is poisoned.
The adder is heavily wounded.
The adder misses you.
You puncture the adder!
You kill the adder!
You see here a quokka corpse.
You hear a shout!
Something hits you!
* * * LOW HITPOINT WARNING * * *
Deactivating autopickup; reactivate with Ctrl-A.
You hit something. Something hits you.
* * * LOW HITPOINT WARNING * * *
You are lethally poisoned!
* * * LOW HITPOINT WARNING * * *
You feel very sick.
You die...
Xom guffaws!

..#^ #.......# ...8
#.......# .########
#..........# ##......##
#.##........ ##.......##
.. ########.
#.........##### .#####
#.......5...... ####†..#
....r......#######....###
.$...@S....†...†@..####
#...5.........######
#.........###.#
#.........# #...
#.........# ###.# ##
#.........# ..# ..
..........# ..# # ##.#
........... #.. .###..
......


There were no monsters in sight!

Vanquished Creatures
  An adder (D:2)
  A dart slug (D:1)
  3 bats
  2 giant cockroaches (D:1)
  2 goblins (D:1)
  2 hobgoblins (D:1)
  4 quokkas
  A ball python (D:1)
  2 frilled lizards (D:1)
  5 kobolds (D:1)
  2 rats (D:1)
25 creatures vanquished.

Vanquished Creatures (collateral kills)
  Natasha (D:2)
  An adder (D:2)
  A quokka (D:2)
  A rat (D:2)
4 creatures vanquished.

Grand Total: 29 creatures vanquished

Notes
Turn   | Place    | Note
-------+----------+-------------------------------------------
     0 | D:1      | Ablot the Gnoll Chaos Knight began the quest for the Orb.
     0 | D:1      | Reached XP level 1. HP: 23/23 MP: 1/1
   170 | D:1      | Reached XP level 2. HP: 29/29 MP: 2/2
   392 | D:1      | XOM: divination: detect creatures
   653 | D:1      | XOM: noise
   958 | D:1      | Reached XP level 3. HP: 31/35 MP: 3/3
  1031 | D:2      | Found a faded altar of an unknown god.
  1031 | D:2      | Noticed Natasha
  1031 | D:2      | XOM: 2-stop teleportation journey
  1043 | D:2      | Noticed Sigmund
  1048 | D:2      | XOM: enchant monster (good)
  1062 | D:2      | Killed Natasha
  1063 | D:2      | Reached skill level 1 in Long Blades
  1063 | D:2      | Reached skill level 1 in Axes
  1063 | D:2      | Reached skill level 1 in Maces & Flails
  1063 | D:2      | Reached skill level 1 in Polearms
  1063 | D:2      | Reached skill level 1 in Staves
  1063 | D:2      | Reached skill level 1 in Slings
  1063 | D:2      | Reached skill level 1 in Bows
  1063 | D:2      | Reached skill level 1 in Crossbows
  1063 | D:2      | Reached skill level 1 in Throwing
  1063 | D:2      | Reached skill level 1 in Stealth
  1063 | D:2      | Reached skill level 1 in Shields
  1063 | D:2      | Reached skill level 1 in Unarmed Combat
  1063 | D:2      | Reached skill level 1 in Spellcasting
  1063 | D:2      | Reached skill level 1 in Invocations
  1063 | D:2      | Reached skill level 1 in Evocations
  1063 | D:2      | Reached XP level 4. HP: 14/41 MP: 3/5
  1083 | D:2      | Succumbed to Sigmund's poison

Illustrated notes

Levels and vault maps discovered:
D:1:      dpeg_arrival_rooms_b, layout_basic, feat_on_display
D:2:      layout_rooms, shapermc_ecumenical_altar_mp_highgroup, uniq_natasha,
          uniq_sigmund

Skill      XL: |  1  2  3 |
---------------+----------+-----
Long Blades    | 1 |  1.1
Axes           | 1 |  1.1
Maces & Flails | 1 |  1.1
Polearms       | 1 |  1.1
Staves         | 1 |  1.1
Slings         | 1 |  1.1
Bows           | 1 |  1.1
Crossbows      | 1 |  1.1
Throwing       | 1 |  1.1
Stealth        | 1 |  1.1
Shields        | 1 |  1.1
Unarmed Combat | 1 |  1.1
Spellcasting   | 1 |  1.1
Invocations    | 1 |  1.2
Evocations     | 1 |  1.1
Fighting       | |  6.6
Short Blades   | |  6.6
Armour         | |  4.6
Dodging        | |  2.7
Conjurations   | |  0.8
Hexes          | |  0.8
Summonings     | |  0.8
Necromancy     | |  0.8
Translocations | |  0.8
Transmutations | |  0.8
Fire Magic     | |  0.8
Ice Magic      | |  0.8
Air Magic      | |  0.8
Earth Magic    | |  0.8
Poison Magic   | |  0.8

Action                   |  1- 3 |  4- 6 || total
-------------------------+-------+-------++-------
Melee: Short sword       |    50 |     6 ||    56
       Bite              |     3 |     1 ||     4
       Punch             |     2 |       ||     2
 Stab: Paralysed         |     1 |       ||     1
Armor: Leather armour    |    22 |       ||    22
Dodge: Dodged            |    48 |     4 ||    52
